 Dungeon Crawl Stone Soup version 0.32-a0-898-g7811c86cf0 (webtiles) character file.

Game seed: 2216748266743126108

20 Ajdolov the Magician (level 2, -8/19 HPs)
             Began as a Mummy Alchemist on Apr 4, 2024.
             Mangled by a gnoll
             ... wielding a +0 flail
              (12 damage)
             ... on level 1 of the Dungeon.
             The game lasted 00:01:01 (514 turns).

Ajdolov the Magician (Mummy Alchemist)               Turns: 514, Time: 00:01:02

Health: -8/19      AC:  2    Str: 11    XL:     2   Next: 58%
Magic:  4/6        EV: 11    Int: 14    God:
Gold:   16         SH:  0    Dex: 12    Spells: 6/7 levels left

rFire   x . .        c - +0 sling
rCold   + . .        (no shield)
rNeg    + + +        a - +0 robe
rPois   ∞            (no helmet)
rElec   .            (no cloak)
rCorr   .            (no gloves)
SInv    .            (no boots)
Will    .....        (no amulet)
Stlth   ++           (no ring)
HPRegen 0.23/turn    (no ring)
MPRegen 0.10/turn

%: faith
@: no status effects
A: cold resistance 1, negative energy resistance 3, torment resistance 2, heat
vulnerability 1, in touch with death 1, no potions, faith
a: no special abilities


You were on level 1 of the Dungeon.
You visited 1 branch of the dungeon, and saw 1 of its levels.

You collected 16 gold pieces.

Inventory:

Hand Weapons
 c - a +0 sling (weapon)
Armour
 a - a +0 robe (worn)
Scrolls
 b - a scroll of enchant armour {unknown}
 d - a scroll of teleportation {unknown}


   Skills:
 - Level 1.5 Dodging
 - Level 1.5 Stealth
 + Level 3.4 Spellcasting
 - Level 0.7 Conjurations
 + Level 2.9 Alchemy


You had 6 spell levels left.
You knew the following spells:

 Your Spells              Type           Power      Damage    Failure   Level
a - Sting                 Conj/Alch      28%        1d4       10%         1

Your spell library contained the following spells:

 Spells                   Type           Power      Damage    Failure   Level
 Mercury Vapours          Alch/Air       12%        N/A       17%         2
 Mephitic Cloud           Conj/Alch/Air  5%         N/A       36%         3
 Olgreb's Toxic Radiance  Alch           10%        N/A       52%         4
 Sticky Flame             Fire/Alch      6%         2d4       75%         4


Dungeon Overview and Level Annotations

Branches:
Dungeon (1/15)

Altars:


Innate Abilities, Weirdness & Mutations

You are immune to poison.
Your flesh is cold resistant. (rC+)
You are immune to negative energy. (rN+++)
You are immune to unholy pain and torment.
You are vulnerable to heat. (rF-)
You are in touch with the powers of death.
You do not drink.
You have a special connection with the divine. (Faith)


Message History

The giant cockroach bites you. The giant cockroach misses you.
You shoot a sling bullet.
The sling bullet closely misses the giant cockroach.
The giant cockroach bites you.
The giant cockroach bites you but does no damage.
You shoot a sling bullet.
The sling bullet hits the giant cockroach but does no damage.
The giant cockroach is heavily wounded.
The giant cockroach closely misses you.
You shoot a sling bullet.
The sling bullet hits the giant cockroach.
You kill the giant cockroach!
Found a stone.
d - a scroll labelled JAZETS COMUZXA An endoplasm comes into view.
The endoplasm quivers.
You shoot a sling bullet. The sling bullet hits the endoplasm.
The endoplasm is severely wounded.
You can't see any susceptible monsters within range! (Use Z to cast anyway.)
You shoot a sling bullet. The sling bullet hits the endoplasm.
You kill the endoplasm!
Found 5 stones.
As you open the door, it creaks loudly!
A gnoll comes into view. It is wielding a +0 flail.
The gnoll shouts!
You shoot a sling bullet. The sling bullet hits the gnoll.
The gnoll is lightly wounded.
The sting hits the gnoll but does no damage.
The gnoll is poisoned.
The gnoll is lightly wounded.
The gnoll hits you with a +0 flail.
The sting hits the gnoll.
The gnoll looks even sicker.
The gnoll is lightly wounded.
The gnoll hits you with a +0 flail!
Ouch! That really hurt!
* * * LOW HITPOINT WARNING * * *
You are too injured to fight recklessly!
The gnoll attacks as it pursues you! The gnoll hits you with a +0 flail!
Ouch! That really hurt!
You die...

####.. ..... ###
### ######.#.# #..
...+ #........#
#.##..# #........#
#.#...####........#
#('...#(.#.........
#g#####..#........#
#.@......#........#
######............#
#........###.#
#...##.#.# #.#
#........# #..
#..##..#.#####
#..##..#....##
#.............
##.#####....##


You could see a gnoll (very poisoned).

Vanquished Creatures
  A dart slug (D:1)
  A bat (D:1)
  3 endoplasms (D:1)
  2 giant cockroaches (D:1)
  2 jackals (D:1)
  A quokka (D:1)
  4 ball pythons (D:1)
  A frilled lizard (D:1)
  A rat (D:1)
16 creatures vanquished.

Notes
Turn   | Place    | Note
-------+----------+-------------------------------------------
     0 | D:1      | Ajdolov the Mummy Alchemist began the quest for the Orb.
     0 | D:1      | Reached XP level 1. HP: 13/13 MP: 4/4
   132 | D:1      | Reached skill level 3 in Spellcasting
   160 | D:1      | Reached XP level 2. HP: 19/19 MP: 0/6
   514 | D:1      | Mangled by a gnoll

Illustrated notes

Levels and vault maps discovered:
D:1:      mainiacjoe_arrival_oval_in_oval, layout_loops_cross,
          chequers_serial_rivers_micro_a, kennysheep_nondescript,
          supply_closet_lemuel, nicolae_figureground_pulse

Skill      XL: |  1 |
---------------+----+-----
Spellcasting   | 3 |  3.4
Dodging        | |  1.5
Stealth        | |  1.5
Conjurations   | |  0.7
Alchemy        | |  2.9

Action                     || total
---------------------------++-------
   Fire: Sling             ||    12
   Cast: Sting             ||    30
 Armour: Robe              ||    13
  Dodge: Dodged            ||    12

Table legend: (Time is in decaauts)
 A = Elapsed time spent in this place.
 B = Non-inter-level travel time spent in this place.
 C = Inter-level travel time spent in this place.
 D = Time resting spent in this place.
 E = Time spent auto-exploring this place.
 F = Levels seen in this place.
 G = Mean time per level.
                   A        B        C        D        E       F      G
               +--------+--------+--------+--------+--------+-----+--------+
         Total |    518 |    493 |     25 |      0 |    404 |   1 |  518.0 |
       Dungeon |    518 |    493 |     25 |      0 |    404 |   1 |  518.0 |
               +--------+--------+--------+--------+--------+-----+--------+

Top non-repeatable levels by time:
     D:1: 518 daAuts
